cohdb
Replays
Latest Replays
All Replays
Popular Replays
Top Player Replays
Match Explorer
How It Works
Community
CoH3 Stats
Reddit
Sign in to upload your games and track your stats! →
Sign in with Steam
Match 28193743
Unlisted
Match 28193743
Overview
Messages
Build Orders
End
Panzergrenadier Squad
Selects Battlefield Espionage Battlegroup
Selects Sector Subterfuge Beacon
Panzergrenadier Squad
Panzergrenadier Squad
Construct Light Support Kompanie
2.5-tonne Medical Truck
Fire Support Elements
Pak 38 Mechanized Group
Selects 250/3 Funkpanzerwagen
Selects Anti-Tank Incendiary Munitions
Construct Mechanized Kompanie
Selects Plunder
8 Rad Armored Car
8 Rad Armored Car
Veteran Squad Leaders
Tungsten Core Ammunition
Construct Panzerarmee Kommand
Panzerjäger Mechanized Group
Selects Operation Skorpion
ShiestyHenius
Mustafag
bkreuzer
JX7
Inquisitor (MBK)
JesterCDN
GoonLord
Turtleboy
0
0
Comments
sign in to comment!
No comments posted yet!